Workbook
Name Capitulos: Resumen!$A$5:$A$24

Sheet Presupuesto
A1: Presupuesto de obra
A2: Rellena las celdas blancas. El importe de cada partida, el resumen por capítulos y los totales se calculan solos (celdas grises).
A3: Cómo usarla: cerp.es/es/blog/como-hacer-un-presupuesto-de-obra
A5: Obra | E5: Total de las partidas (PEM) | F5: =SUM(F12:F211) -> 0
A6: Cliente | E6: Total con impuestos (hoja Resumen) | F6: =Resumen!B33 -> 0
A7: Ubicación
A8: Fecha
A9: Versión
A11: Capítulo | B11: Partida | C11: Unidad | D11: Medición | E11: Precio unitario (€) | F11: Importe (€)
F12: =IF(AND(ISNUMBER(D12),ISNUMBER(E12)),ROUND(D12*E12,2),"")
F13: =IF(AND(ISNUMBER(D13),ISNUMBER(E13)),ROUND(D13*E13,2),"")
F14: =IF(AND(ISNUMBER(D14),ISNUMBER(E14)),ROUND(D14*E14,2),"")
F15: =IF(AND(ISNUMBER(D15),ISNUMBER(E15)),ROUND(D15*E15,2),"")
F16: =IF(AND(ISNUMBER(D16),ISNUMBER(E16)),ROUND(D16*E16,2),"")
F17: =IF(AND(ISNUMBER(D17),ISNUMBER(E17)),ROUND(D17*E17,2),"")
F18: =IF(AND(ISNUMBER(D18),ISNUMBER(E18)),ROUND(D18*E18,2),"")
F19: =IF(AND(ISNUMBER(D19),ISNUMBER(E19)),ROUND(D19*E19,2),"")
F20: =IF(AND(ISNUMBER(D20),ISNUMBER(E20)),ROUND(D20*E20,2),"")
F21: =IF(AND(ISNUMBER(D21),ISNUMBER(E21)),ROUND(D21*E21,2),"")
F22: =IF(AND(ISNUMBER(D22),ISNUMBER(E22)),ROUND(D22*E22,2),"")
F23: =IF(AND(ISNUMBER(D23),ISNUMBER(E23)),ROUND(D23*E23,2),"")
... F211: =IF(AND(ISNUMBER(D211),ISNUMBER(E211)),ROUND(D211*E211,2),"")

Sheet Resumen
A1: Resumen del presupuesto
A2: Escribe los capítulos en la columna A: aparecen en la lista de la columna Capítulo de la hoja Presupuesto. Los porcentajes van en la columna C, como número y sin el signo %.
A4: Capítulo | B4: Importe (€) | C4: Peso sobre el PEM
B5: =IF(A5="","",SUMIF(Presupuesto!$A$12:$A$211,A5,Presupuesto!$F$12:$F$211)) | C5: =IF(OR(A5="",$B$28=0),"",B5/$B$28)
B6: =IF(A6="","",SUMIF(Presupuesto!$A$12:$A$211,A6,Presupuesto!$F$12:$F$211)) | C6: =IF(OR(A6="",$B$28=0),"",B6/$B$28)
B7: =IF(A7="","",SUMIF(Presupuesto!$A$12:$A$211,A7,Presupuesto!$F$12:$F$211)) | C7: =IF(OR(A7="",$B$28=0),"",B7/$B$28)
B8: =IF(A8="","",SUMIF(Presupuesto!$A$12:$A$211,A8,Presupuesto!$F$12:$F$211)) | C8: =IF(OR(A8="",$B$28=0),"",B8/$B$28)
B9: =IF(A9="","",SUMIF(Presupuesto!$A$12:$A$211,A9,Presupuesto!$F$12:$F$211)) | C9: =IF(OR(A9="",$B$28=0),"",B9/$B$28)
B10: =IF(A10="","",SUMIF(Presupuesto!$A$12:$A$211,A10,Presupuesto!$F$12:$F$211)) | C10: =IF(OR(A10="",$B$28=0),"",B10/$B$28)
B11: =IF(A11="","",SUMIF(Presupuesto!$A$12:$A$211,A11,Presupuesto!$F$12:$F$211)) | C11: =IF(OR(A11="",$B$28=0),"",B11/$B$28)
B12: =IF(A12="","",SUMIF(Presupuesto!$A$12:$A$211,A12,Presupuesto!$F$12:$F$211)) | C12: =IF(OR(A12="",$B$28=0),"",B12/$B$28)
B13: =IF(A13="","",SUMIF(Presupuesto!$A$12:$A$211,A13,Presupuesto!$F$12:$F$211)) | C13: =IF(OR(A13="",$B$28=0),"",B13/$B$28)
B14: =IF(A14="","",SUMIF(Presupuesto!$A$12:$A$211,A14,Presupuesto!$F$12:$F$211)) | C14: =IF(OR(A14="",$B$28=0),"",B14/$B$28)
B15: =IF(A15="","",SUMIF(Presupuesto!$A$12:$A$211,A15,Presupuesto!$F$12:$F$211)) | C15: =IF(OR(A15="",$B$28=0),"",B15/$B$28)
B16: =IF(A16="","",SUMIF(Presupuesto!$A$12:$A$211,A16,Presupuesto!$F$12:$F$211)) | C16: =IF(OR(A16="",$B$28=0),"",B16/$B$28)
... B24: =IF(A24="","",SUMIF(Presupuesto!$A$12:$A$211,A24,Presupuesto!$F$12:$F$211)) | C24: =IF(OR(A24="",$B$28=0),"",B24/$B$28)
A25: Partidas sin capítulo o con un capítulo que no está en esta lista | B25: =$B$28-SUM(B5:B24) -> 0 | C25: =IF($B$28=0,"",B25/$B$28)
A27: Concepto | B27: Importe (€) | C27: Porcentaje (%)
A28: Presupuesto de ejecución material (PEM) | B28: =SUM(Presupuesto!$F$12:$F$211) -> 0
A29: Gastos generales (sobre el PEM) | B29: =ROUND($B$28*C29/100,2) -> 0
A30: Beneficio industrial (sobre el PEM) | B30: =ROUND($B$28*C30/100,2) -> 0
A31: Presupuesto de ejecución por contrata (PEC) | B31: =B28+B29+B30 -> 0
A32: IVA u otro impuesto (sobre el PEC) | B32: =ROUND(B31*C32/100,2) -> 0
A33: Total del presupuesto | B33: =B31+B32 -> 0
A35: La plantilla no trae porcentajes: los de gastos generales y beneficio industrial dependen de tu empresa y de cada contrato.
